 Dungeon Crawl Stone Soup version 0.17.1-1-g73c8601 (webtiles) character file.

316 JustSomeDude the Insei (level 6, 0/57 HPs)
             Began as a Naga Monk on Jan 1, 2016.
             Slain by a giant gecko skeleton (3 damage)
             ... on level 4 of the Dungeon.
             The game lasted 00:07:57 (2751 turns).

JustSomeDude the Insei (Naga Monk)                  Turns: 2751, Time: 00:07:57

Health: 0/57       AC:  5    Str: 17    XL:     6   Next: 44%
Magic:  6/6        EV:  8    Int: 10    God:
Gold:   137        SH:  0    Dex: 11    Spells: 0 memorised, 5 levels left

rFire  . . .     SeeInvis +     g - +0 scythe
rCold  . . .     Clarity  .     d - +0 scale mail
rNeg   . . .     SustAt   .     (shield currently unavailable)
rPois  +         Gourm    .     (no helmet)
rElec  .         Spirit   .     (no cloak)
rCorr  .         Warding  .     (no gloves)
rMut   .         Stasis   .     (no barding)
MR     .....                    (no amulet)
Stlth  +.........               (no ring)
                                (no ring)

@: mighty, very slightly contaminated, hasted, quick, not resistant to hostile
enchantments, very unstealthy
A: see invisible, clumsy 2, deformed body, poison resistance, slowness 2, slow
metabolism 1, spit poison 2, weak 1, AC +2
a: Spit Poison


You were on level 4 of the Dungeon.
You were not hungry.

You visited 1 branch of the dungeon, and saw 4 of its levels.

You collected 137 gold pieces.

Inventory:

Hand Weapons
 g - a +0 scythe (weapon)
 j - a +1 dagger of protection
Armour
 a - a +0 robe
 d - a +0 scale mail (worn)
Jewellery
 i - a cursed amulet of inaccuracy {unknown}
Wands
 e - a wand of random effects (19)
 s - a wand of flame (21)
 u - a wand of fireball (9)
Scrolls
 c - 3 scrolls of fear {unknown}
 f - a scroll of teleportation {unknown}
 k - a scroll of enchant armour {unknown}
 l - 2 scrolls of identify {unknown}
 m - a scroll of blinking {unknown}
 n - a scroll of enchant weapon {unknown}
 p - 2 scrolls of remove curse {unknown}
 t - 2 scrolls of fog {unknown}
Potions
 o - a potion of poison {unknown}
 r - a potion of degeneration {unknown}
Comestibles
 b - 5 bread rations


   Skills:
 + Level 4.0 Fighting
 + Level 1.3 Short Blades
 + Level 1.1 Polearms
 + Level 2.3 Armour
 + Level 3.6 Dodging
 + Level 3.4 Stealth
 + Level 4.4 Unarmed Combat
 + Level 0.4 Evocations


You had 5 spell levels left.
You didn't know any spells.

Dungeon Overview and Level Annotations

Branches:
Dungeon (4/15)
 Temple: D:4-7

Altars:
Xom

Shops:
D:4 [


Innate Abilities, Weirdness & Mutations

You cannot wear boots.
Your serpentine skin is tough (AC +2).
You have supernaturally acute eyesight.
Armour fits poorly on your strangely shaped body.
Your system is resistant to poisons.
You cover ground very slowly.
You have a slow metabolism.
You can spit poison.
You are very clumsy. (Dex -4)
You are weak. (Str -2)


Message History

You are too injured to fight recklessly!
Unknown command.
You are too injured to fight recklessly!
Unknown command.
You are too injured to fight recklessly!
Unknown command.
You are too injured to fight recklessly!
Unknown command.
Drink which item? (? for menu, Esc to quit)
You feel yourself speed up. The orc wizard closely misses you.
The orc hits you but does no damage.
The giant gecko skeleton barely misses you.
The orc barely misses you. The orc completely misses you.
You are very lightly contaminated with residual magic.
Drink which item? (? for menu, Esc to quit)
It was a potion of might.
You feel very mighty all of a sudden. The orc wizard barely misses you.
The orc hits you but does no damage. The giant gecko skeleton bites you.
You die...

#. #......#... #.#
#........## #..
###.......##
.###..###..#####..#
.......#..8# #.#
$..........# ...
...........## ##
......o...∩.##
.....Zo@.....#
......oZ......#
.....o....8.....
.................
#.............##.
##..........###
#..........#
..#........#


You could see an orc wizard, 3 orcs, a giant gecko skeleton and a centaur
skeleton.

Vanquished Creatures
  Sigmund (D:2)
  An orc priest (D:4)
  A worker ant (D:4)
  3 adders
  A worm (D:3)
  10 orcs
  2 giant cockroaches (D:2)
  10 goblins
  7 hobgoblins
  2 jackals (D:3)
  8 kobolds
  A quokka (D:3)
  11 bats
  4 giant geckos
  4 giant newts
  4 rats
70 creatures vanquished.

Vanquished Creatures (others)
  A giant cockroach (D:1)
  3 plants (D:1)
4 creatures vanquished.

Grand Total: 74 creatures vanquished

Notes
Turn   | Place    | Note
--------------------------------------------------------------
     0 | D:1      | JustSomeDude the Naga Monk began the quest for the Orb.
     0 | D:1      | Reached XP level 1. HP: 21/21 MP: 1/1
   294 | D:1      | Reached XP level 2. HP: 28/28 MP: 2/2
  1025 | D:2      | Found a shimmering altar of Xom.
  1078 | D:2      | Reached XP level 3. HP: 34/34 MP: 3/3
  1125 | D:2      | Reached skill level 1 in Armour
  1569 | D:2      | Noticed Sigmund
  1581 | D:2      | Gained mutation: You are clumsy. (Dex -2) [potion of mutation]
  1581 | D:2      | Gained mutation: You are very clumsy. (Dex -4) [potion of mutation]
  1581 | D:2      | Gained mutation: You are weak. (Str -2) [potion of mutation]
  1604 | D:2      | Killed Sigmund
  1604 | D:2      | Reached skill level 1 in Short Blades
  1604 | D:2      | Reached XP level 4. HP: 33/44 MP: 4/4
  1604 | D:2      | Reached XP level 5. HP: 37/50 MP: 5/5
  1886 | D:3      | Reached XP level 6. HP: 57/57 MP: 6/6
  2580 | D:4      | Reached skill level 1 in Polearms
  2734 | D:4      | Found Diwny's Armour Emporium.
  2751 | D:4      | Slain by a giant gecko skeleton

Action                   |  1- 3 |  4- 6 || total
-------------------------+-------+-------++-------
Melee: Unarmed           |    55 |       ||    55
       Dagger            |   137 |    12 ||   149
       Scythe            |       |   118 ||   118
Evoke: Wand              |       |     5 ||     5
  Use: Potion            |     4 |     2 ||     6
 Stab: Sleeping          |     2 |       ||     2
  Eat: Meat ration       |       |     1 ||     1
       Beef jerky        |       |     1 ||     1
